Map: Glittering Ashes LE

Players

Serral - Winner!

  • Race: Zerg Zerg
  • League: Master

MaxPax

  • Race: Protoss Protoss
  • League: Grandmaster

Event: DreamHack SC2 Masters Last Chance 2022

VOD

Have the link to the VOD?

Description

Time

  • Played on: Dec. 17, 2021, 1:44 p.m.
  • Length: 18:44

All games in this series

Show
View Real Time Build Order
Export as new Build Order

Serral Zerg - Winner!

Build Orders: Hatch First 

Get SALT Encoding   

  12  0:00  Drone  
  13  0:12  Overlord  
  13  0:16  Drone  
  14  0:30  Drone x2  
  16  0:47  Hatchery  
  15  0:50  Drone  
  15  0:54  Drone  
  17  1:08  Spawning Pool  
  16  1:11  Drone  
  16  1:14  Extractor  
  16  1:15  Drone  
  17  1:20  Drone  
  18  1:28  Drone  
  19  2:02  Queen  
  19  2:05  Zergling x4  
  19  2:06  Hatchery  
  23  2:11  Hatchery  
  22  2:20  Overlord  
  22  2:23  Drone  
  22  2:24  Drone  
  22  2:28  Drone  
  25  2:39  Queen  
  27  2:48  Zergling x4  
  27  2:50  Metabolic Boost  
  29  2:57  Drone  
  30  2:58  Drone  
  30  3:01  Drone  
  31  3:09  Overlord  
  31  3:14  Overlord  
  31  3:24  Zergling x4  
  31  3:26  Drone  
  31  3:27  Drone  
  34  3:35  Queen  
  34  3:40  Zergling x2  
  38  3:41  Drone  
  38  3:49  Evolution Chamber  
  38  3:52  Roach Warren  
  36  3:57  Queen  
  36  4:01  Drone  
  39  4:06  Drone x2  
  39  4:09  Drone  
  41  4:10  Drone  
  42  4:18  Drone x3  
  45  4:24  Drone  
  46  4:32  Overlord, Extractor  
  46  4:36  Spore Crawler  
  48  4:38  Roach x2  
  48  4:45  Roach  
  48  4:47  Drone x2  
  50  4:54  Lair  
  50  4:58  Drone  
  50  4:59  Drone  
  52  5:04  Ravager  
  52  5:05  Queen  
  55  5:09  Overlord  
  55  5:12  Overlord  
  55  5:24  Overlord  
  55  5:27  Drone  
  55  5:28  Drone  
  56  5:29  Ravager x2, Drone  
  56  5:31  Drone x3  
  56  5:34  Drone  
  63  5:41  Roach x2  
  66  5:56  Queen x2  
  70  6:07  Nydus Network  
  66  6:12  Zergling x16  
  73  6:19  Spore Crawler  
  73  6:21  Ravager  
  73  6:22  Zergling x2  
  73  6:28  Extractor  
  73  6:32  Queen x2, Extractor  
  75  6:37  Roach x2  
  73  6:41  Roach x2  
  75  7:01  Roach x2  
  75  7:06  Roach  
  75  7:07  Zergling x2, Roach  
  76  7:12  Overlord x2  
  76  7:22  Queen  
  75  7:24  Queen  
  73  7:30  Roach  
  73  7:31  Roach  
  73  7:33  Zergling x6  
  77  7:39  Ravager  
  77  7:40  Zergling x6  
  81  7:48  Nydus Canal  
  81  7:49  Ravager x2  
  81  7:57  Queen  
  79  8:00  Queen  
  79  8:02  Drone x2  
  79  8:04  Nydus Canal  
  82  8:10  Drone  
  82  8:11  Drone x2  
  85  8:14  Drone  
  85  8:16  Hatchery  
  85  8:19  Drone x2  
  87  8:22  Drone  
  87  8:25  Drone  
  89  8:28  Nydus Canal  
  89  8:31  Drone  
  89  8:33  Queen  
  92  8:41  Glial Reconstitution  
  92  8:50  Overlord x4  
  97  9:10  Roach x5  
  101  9:23  Roach x5  
  111  9:29  Nydus Canal  
  111  9:35  Queen  
  111  9:36  Queen x2  
  117  9:41  Infestation Pit  
  116  9:53  Roach x5  
  116  9:58  Roach x2  
  130  10:03  Nydus Canal  
  130  10:05  Overlord  
  130  10:06  Overlord  
  130  10:09  Overlord  
  129  10:16  Roach  
  129  10:19  Roach  
  128  10:21  Roach  
  127  10:29  Roach  
  127  10:30  Roach  
  127  10:33  Roach  
  132  10:41  Roach x3  
  132  10:42  Ravager x2  
  134  10:51  Ravager  
  135  10:57  Queen  
  137  11:11  Queen  
  132  11:19  Hive  
  132  11:20  Ravager  
  132  11:23  Drone x7  
  132  11:30  Extractor  
  127  11:32  Queen  
  129  11:41  Drone x2  
  129  11:42  Drone  
  129  11:43  Drone x2, Extractor  
  129  11:45  Extractor  
  132  11:51  Drone x5  
  137  11:56  Nydus Canal  
  128  12:10  Drone x2  
  128  12:12  Drone x4  
  128  12:13  Hydralisk Den  
  133  12:16  Evolution Chamber  
  130  12:31  Drone x2  
  130  12:33  Drone x3  
  130  12:34  Viper x2  
  140  12:38  Hatchery  
  140  12:41  Zerg Missile Weapons Level 1  
  139  12:50  Overseer  
  137  12:51  Spore Crawler  
  137  12:53  Overseer, Spore Crawler  
  128  13:06  Hydralisk x3  
  130  13:14  Drone x4  
  130  13:15  Drone x9  
  130  13:16  Hydralisk Den  
  142  13:31  Spore Crawler  
  142  13:33  Hydralisk Den  
  140  13:34  Overlord x3  
  141  13:41  Drone x2  
  141  13:42  Drone  
  141  13:51  Hydralisk  
  141  13:52  Hydralisk x4  
  126  13:57  Hydralisk x2  
  130  14:04  Drone x5  
  135  14:16  Grooved Spines, Muscular Augments  
  135  14:19  Hydralisk x3  
  141  14:24  Overseer  
  141  14:29  Hydralisk x4  
  149  14:34  Hydralisk x2  
  153  14:41  Hydralisk  
  153  14:42  Hydralisk x2  
  153  14:44  Pneumatized Carapace  
  157  14:45  Overseer  
  153  15:01  Hydralisk x6  
  165  15:07  Zerg Missile Weapons Level 2  
  165  15:11  Drone x2  
  165  15:12  Drone x2  
  165  15:21  Hydralisk x5  
  175  15:38  Viper  
  173  15:43  Extractor  
  173  15:44  Extractor  
  171  15:51  Drone x5  
  176  15:59  Overlord x5  
  176  16:01  Hatchery  
  175  16:12  Lurker Den  
  174  16:23  Hydralisk x2  
  174  16:24  Hydralisk x6  
  167  16:32  Overseer  
  153  16:40  Hydralisk x6  
  163  16:54  Overseer  
  163  16:55  Viper x3  
  163  16:59  Drone x8  
  163  17:00  Extractor  
  179  17:03  Extractor  
  178  17:12  Overseer  
  178  17:17  Seismic Spines  
  178  17:19  Zergling x16  
  186  17:33  Hydralisk x4  
  186  17:48  Hydralisk x6  
  181  17:56  Hydralisk x3  
  182  18:00  Overseer  
  182  18:04  Drone x3  
  177  18:07  Hydralisk x3  
  177  18:10  Hydralisk  
  165  18:41  Spore Crawler  
  165  18:42  Spine Crawler  
Show
View Real Time Build Order
Export as new Build Order

MaxPax Protoss 

Build Orders: Oracle Opening 

Get SALT Encoding   

  12  0:00  Probe  
  13  0:12  Probe  
  14  0:20  Pylon  
  14  0:24  Probe  
  15  0:38  Probe (Chrono Boost)  
  15  0:42  Gateway  
  16  0:48  Assimilator, Probe (Chrono Boost)  
  17  0:52  Probe (Chrono Boost)  
  18  1:04  Probe  
  18  1:06  Forge  
  19  1:16  Probe  
  20  1:29  Cybernetics Core  
  20  1:36  Pylon  
  20  1:40  Pylon  
  20  1:42  Pylon  
  20  1:55  Photon Cannon  
  20  1:56  Photon Cannon  
  20  1:57  Pylon  
  20  2:05  Adept (Chrono Boost), Probe  
  23  2:12  Shield Battery  
  23  2:17  Probe  
  24  2:36  Adept (Chrono Boost), Nexus  
  24  2:42  Probe  
  27  2:58  Probe  
  28  3:03  Stargate  
  28  3:04  Assimilator  
  28  3:10  Probe  
  28  3:18  Adept  
  28  3:19  Warp Gate  
  30  3:22  Probe  
  30  3:25  Shield Battery  
  31  3:34  Probe  
  32  3:41  Photon Cannon  
  32  3:46  Probe  
  33  3:53  Oracle (Chrono Boost)  
  33  3:56  Probe  
  33  3:58  Probe  
  38  4:08  Probe  
  39  4:10  Probe  
  39  4:13  Pylon  
  40  4:18  Void Ray (Chrono Boost)  
  40  4:20  Probe  
  40  4:22  Probe  
  44  4:32  Probe  
  44  4:35  Probe  
  46  4:45  Probe  
  47  4:47  Probe  
  47  4:51  Void Ray (Chrono Boost)  
  45  4:55  Gateway x2  
  45  4:58  Gateway  
  49  5:10  Probe x2  
  49  5:13  Gateway  
  51  5:16  Gateway  
  51  5:22  Probe  
  51  5:25  Stalker  
  54  5:28  Shield Battery  
  54  5:37  Twilight Council  
  54  5:41  Shield Battery  
  54  5:45  Void Ray (Chrono Boost)  
  54  5:52  Pylon  
  56  6:11  Stalker x2, Zealot x3  
  60  6:12  Zealot  
  66  6:21  Shield Battery  
  66  6:23  Charge (Chrono Boost)  
  66  6:27  Shield Battery  
  66  6:38  Zealot x3  
  66  6:39  Zealot x2  
  70  6:42  Pylon  
  70  6:45  Pylon  
  68  6:51  Shield Battery  
  68  6:55  Void Ray (Chrono Boost), Pylon  
  68  6:58  Pylon  
  70  7:12  Shield Battery  
  68  7:20  Zealot x5  
  77  7:23  Probe  
  77  7:27  Void Ray  
  70  7:30  Zealot  
  70  7:36  Nexus  
  62  8:02  Zealot x5  
  62  8:03  Zealot  
  71  8:10  Shield Battery  
  71  8:14  Pylon  
  71  8:16  Void Ray (Chrono Boost)  
  75  8:27  Zealot x3  
  75  8:28  Zealot x2  
  75  8:32  Pylon  
  85  8:42  Probe x2  
  85  8:43  Assimilator  
  85  8:44  Assimilator  
  85  8:54  Probe  
  86  8:57  Pylon  
  86  9:00  Protoss Air Weapons Level 1 (Chrono Boost)  
  86  9:09  Void Ray (Chrono Boost)  
  86  9:12  Probe x2, Stargate  
  86  9:15  Pylon  
  90  9:24  Robotics Facility, Nexus  
  90  9:29  Probe  
  90  9:30  Probe  
  92  9:37  Pylon  
  92  9:44  Void Ray (Chrono Boost)  
  96  9:53  Probe  
  96  9:57  Shield Battery  
  97  10:00  Shield Battery  
  97  10:03  Zealot  
  99  10:08  Zealot x2  
  103  10:18  Pylon  
  101  10:22  Zealot  
  103  10:30  Void Ray, Observer, Robotics Bay  
  94  10:37  Void Ray  
  94  10:42  Sentry  
  98  11:00  Dark Shrine  
  97  11:07  Void Ray  
  91  11:13  Probe x2  
  91  11:16  Disruptor (Chrono Boost)  
  97  11:25  Probe x2  
  99  11:35  Void Ray  
  99  11:37  Probe x2  
  99  11:39  Pylon, Shield Battery  
  101  11:46  Nexus  
  103  11:53  Pylon  
  103  11:57  Probe, Disruptor (Chrono Boost)  
  107  12:12  Probe  
  108  12:19  Probe  
  109  12:23  Dark Templar  
  109  12:27  Disruptor (Chrono Boost)  
  114  12:32  Dark Templar  
  114  12:39  Zealot  
  114  12:41  Probe x2  
  118  12:55  Nexus  
  118  12:58  Pylon  
  112  13:14  Probe  
  112  13:16  Disruptor  
  112  13:19  Fleet Beacon  
  116  13:23  Probe  
  117  13:35  Probe  
  117  13:37  Twilight Council  
  118  13:45  Photon Cannon  
  118  13:47  Probe  
  110  13:59  Probe  
  109  14:05  Observer (Chrono Boost), Tempest x2 (Chrono Boost)  
  113  14:11  Probe  
  113  14:15  Photon Cannon  
  113  14:16  Shield Battery  
  114  14:21  Pylon  
  114  14:24  Probe  
  115  14:27  Disruptor (Chrono Boost)  
  118  14:33  Templar Archives  
  118  14:37  Dark Templar  
  120  14:42  Probe  
  120  14:43  Probe  
  120  14:46  Shield Battery  
  120  14:48  Zealot  
  120  14:51  Pylon  
  120  14:52  Tempest  
  117  15:09  Flux Vanes  
  117  15:10  Probe x3  
  117  15:12  Assimilator x2  
  115  15:17  Tempest  
  105  15:42  Tempest  
  106  15:43  Disruptor  
  106  15:46  Photon Cannon  
  106  15:47  Probe x2  
  106  15:48  Probe  
  112  15:50  Pylon  
  112  15:52  Nexus  
  112  15:59  Probe  
  112  16:00  High Templar  
  112  16:02  Shield Battery  
  115  16:06  High Templar  
  117  16:15  Pylon  
  101  16:25  Dark Templar  
  101  16:26  Dark Templar  
  84  16:39  Zealot x2  
  87  16:54  Psionic Storm  
  87  16:56  Dark Templar  
  89  17:01  Photon Cannon  
  89  17:14  Assimilator  
  89  17:16  High Templar  
  89  17:17  Pylon  
  90  17:26  Assimilator  
  90  17:29  Disruptor  
  89  17:45  Zealot x3  
  77  17:59  Zealot x2  
  65  18:17  Zealot x3  

Tags
 
Add a new tag
Caveats
  • Supply blocks, unpowered buildings, or Contaminate may cause inaccurate times.
  • Supply counts are checked every 10 seconds.